cohdb
Replays
Latest Replays
All Replays
Popular Replays
Top Player Replays
Match Explorer
How It Works
Community
CoH3 Stats
Reddit
Sign in to upload your games and track your stats! →
Sign in with Steam
Match 42094102
Unlisted
Match 42094102
Overview
Messages
Build Orders
End
Construct Barracks
Selects Airborne Battlegroup
Selects Heavy Machine Gun Paradrop
Riflemen Squad
Riflemen Squad
Heavy Machine Gun Paradrop
Construct Medical Station
M1 Mortar Team
Mechanized Support Center
Selects Paratrooper Squad Paradrop
Riflemen Squad
M1918 Browning Automatic Rifles
Grenade Package
Paratrooper Squad Paradrop
Heavy Machine Gun Paradrop
Selects Anti-tank Gun Team Paradrop
Paratrooper Squad Paradrop
Paratrooper Squad Paradrop
AI Takeover
LoneRanger4744
Aerodax
UH|ck
iceman
0
0
Comments
sign in to comment!
No comments posted yet!